 Dungeon Crawl Stone Soup version 0.31-a0-692-gf03d1854d5 (webtiles) character file.

Game seed: 6648097700601938030

95 qw the Shooter (level 4, -1/28 HPs)
             Began as a Gargoyle Hunter on Sept 6, 2023.
             Slain by Pikel
             ... wielding a +1 whip of electrocution
              (3 damage)
             ... on level 4 of the Dungeon.
             The game lasted 00:00:42 (2192 turns).

qw the Shooter (Gargoyle Hunter)                    Turns: 2192, Time: 00:00:43

Health: -1/28      AC:  9    Str: 15    XL:     4   Next: 66%
Magic:  4/4        EV: 11    Int:  9    God:
Gold:   184        SH:  0    Dex: 17    Spells: 3/3 levels left

rFire   . . .        Y - +1 shortbow
rCold   . . .        (shield currently unavailable)
rNeg    + . .        d - +0 ring mail
rPois   inf          (no helmet)
rElec   +            j - +0 cloak
rCorr   .            (no gloves)
SInv    .            (no boots)
Will    .....        a - amulet of Uberadoc {Acrobat Dex+2}
Stlth   +            (no ring)
HPRegen 0.24/turn    (no ring)
MPRegen 0.09/turn

%: acrobat
@: no status effects
A: sickness immunity, AC +3, negative energy resistance 1, electricity
resistance, torment resistance 1, petrification resistance
a: no special abilities


You were on level 4 of the Dungeon.
You visited 1 branch of the dungeon, and saw 4 of its levels.

You collected 184 gold pieces.


Innate Abilities, Weirdness & Mutations

You are immune to sickness and miasma.
Your stone body is resilient. (AC +3)
You are immune to poison.
You resist negative energy. (rN+)
You are resistant to electric shocks. (rElec)
You are resistant to unholy torment.
You are immune to petrification.


   Skills:
 - Level 3.0 Fighting
 - Level 5.6 Ranged Weapons
 + Level 0.0 Armour
 - Level 1.5 Dodging
 - Level 1.1 Stealth


You had 3 spell levels left.
You didn't know any spells.
Your spell library was empty.

Inventory:

Hand Weapons
 Y - a +1 shortbow (weapon)
Armour
 d - a +0 ring mail (worn)
 j - a +0 cloak (worn)
Jewellery
 a - the amulet of Uberadoc (around neck) {Acrobat Dex+2}
   (You acquired it on level 3 of the Dungeon)

   [amulet of the acrobat]

   Acrobat:   It increases your evasion while moving and waiting.
   Dex+2:     It affects your dexterity (+2).
 e - a ring of ice
Scrolls
 b - a scroll of identify
Potions
 f - 5 potions of curing
 g - a potion of haste
 h - a potion of enlightenment
 k - a potion of resistance

Dungeon Overview and Level Annotations

Branches:
Dungeon (4/15)
 Temple: D:4-7

Altars:

Shops:
D:1 [

Annotations:
D:4 Pikel


Message History

Waypoint 3 assigned to D:4.
2181 |||
Found retreat position at 0,-3 (floor) with 0 blocking monsters and 2 monsters attacking at destination at distance 3 x2
2181 ||| RETREATING.
The lemure shouts!
2182 |||
Found retreat position at 1,-2 (floor) with 0 blocking monsters and 2 monsters attacking at destination at distance 2 A lemure comes into view.
A lemure comes into view.
The lemure shouts!
You shoot an arrow.
The arrow hits Pikel but does no damage.
Pikel hits you but does no damage.
You shoot an arrow. The arrow barely misses Pikel.
Pikel hits you but does no damage.
You shoot an arrow. The arrow hits Pikel.
Pikel is lightly wounded.
Pikel hits you with a +1 whip of electrocution.
You shoot an arrow. The arrow closely misses Pikel.
Pikel hits you with a +1 whip of electrocution.
Pikel barely misses you.
You shoot an arrow. The arrow hits Pikel!
Pikel is moderately wounded.
The lemure completely misses you.
Pikel hits you with a +1 whip of electrocution.
You shoot an arrow.
The arrow hits Pikel but does no damage.
Pikel is moderately wounded.
The lemure hits you.
Pikel hits you with a +1 whip of electrocution.
You shoot an arrow. The arrow closely misses Pikel.
Pikel hits you with a +1 whip of electrocution.
You shoot an arrow. The arrow hits Pikel.
Pikel is moderately wounded.
The lemure barely misses you. The lemure hits you but does no damage.
Pikel closely misses you.
You shoot an arrow. The arrow hits Pikel.
Pikel is heavily wounded.
The lemure hits you! The lemure closely misses you. Pikel barely misses you.
Pikel hits you with a +1 whip of electrocution.
You die...
Pikel says, "Another soul for the market."

.8.# }..###.
.8.... # }....
#. .8.# #..
5..# #
#..####K..#5#
#.....@#....##
#.#...55$.....
###.........
##<.......
#.......#.
#..........
............
....#......#.
#..####...###


You could see Pikel and 3 lemures.

Vanquished Creatures
  4 adders
  2 worms (D:2)
  2 dart slugs (D:1)
  3 ball pythons
  7 bats
  5 endoplasms
  3 giant cockroaches
  5 goblins
  5 hobgoblins
  5 kobolds
  2 quokkas
  2 frilled lizards
  4 rats
49 creatures vanquished.

Notes
Turn   | Place    | Note
-------+----------+-------------------------------------------
     0 | D:1      | qw the Gargoyle Hunter began the quest for the Orb.
     0 | D:1      | Reached XP level 1. HP: 12/12 MP: 1/1
     0 | D:1      | 0 ||| qw: Version: 0.3-a-76-g4403597
     0 | D:1      | 0 ||| qw: Game counter: 254
     0 | D:1      | 0 ||| qw: Melee chars always use a shield: true
     0 | D:1      | 0 ||| qw: God list: Okawaru
     0 | D:1      | 0 ||| qw: Allow faded altars: false
     0 | D:1      | 0 ||| qw: Do Orc after clearing Dungeon:15 true
     0 | D:1      | 0 ||| qw: Do second Lair branch before Depths: true
     0 | D:1      | 0 ||| qw: Lair rune preference: random
     0 | D:1      | 0 ||| qw: Goals: Normal
     0 | D:1      | 0 ||| PLANNING D:1-11
    59 | D:1      | Reached XP level 2. HP: 17/17 MP: 2/2
   223 | D:1      | Found Muisyok's Armour Shop.
   231 | D:1      | 231 ||| SHOPLISTING +0 ring mail (40 gold, have 37).
   231 | D:1      | 231 ||| SHOPLISTING +0 ring mail of fire resistance (110
                  | gold, have 37).
   231 | D:1      | 231 ||| SHOPLISTING +1 leather armour of cold resistance
                  | (140 gold, have 37).
   621 | D:1      | 621 ||| UPGRADING to +0 cloak.
   626 | D:1      | 626 ||| DROPPING ring of wizardry.
   627 | D:1      | 627 ||| READING scroll labelled POLLOC KOUGA.
   628 | D:1      | 628 ||| READING scroll labelled GINUAT WOSHYU.
   629 | D:1      | 629 ||| READING scroll labelled XEGEN SUOQIUM.
   630 | D:1      | 630 ||| READING scroll labelled IPLYCHABOM.
   631 | D:1      | 631 ||| DRINKING 4 fizzy coppery potions.
   632 | D:1      | 632 ||| DROPPING scroll of butterflies.
   737 | D:2      | Reached skill level 5 in Ranged Weapons
   737 | D:2      | Reached XP level 3. HP: 14/21 MP: 3/3
  1057 | D:2      | Reached skill level 3 in Fighting
  1215 | D:2      | Reached XP level 4. HP: 25/28 MP: 4/4
  1524 | D:2      | 1524 ||| READING scroll labelled IRUIBU TENEGYV.
  1525 | D:2      | 1525 ||| READING scroll labelled SAATIREKHLO.
  1528 | D:2      | 1528 ||| READING 2 scrolls of identify.
  1528 | D:2      | 1528 ||| IDENTIFYING murky green potion
  1529 | D:2      | 1529 ||| DROPPING potion of attraction.
  1924 | D:3      | Found a faded altar of an unknown god.
  2120 | D:3      | 2120 ||| UPGRADING to +0 ring mail.
  2130 | D:3      | 2130 ||| DROPPING +0 leather armour.
  2131 | D:3      | 2131 ||| READING scroll labelled ILIUGU YNOUSA.
  2132 | D:3      | 2132 ||| READING scroll labelled UDEUHU QOXZUE.
  2132 | D:3      | Identified a scroll of acquirement
  2132 | D:3      | 2132 ||| ACQUIRING amulet of Uberadoc {Acrobat Dex+2}
  2132 | D:3      | Acquired the amulet of Uberadoc {Acrobat Dex+2}
  2134 | D:3      | 2134 ||| UPGRADING to amulet of Uberadoc {Acrobat Dex+2}.
  2139 | D:3      | 2139 ||| READING 4 scrolls of identify.
  2139 | D:3      | 2139 ||| IDENTIFYING murky golden potion
  2140 | D:3      | 2140 ||| READING 3 scrolls of identify.
  2140 | D:3      | 2140 ||| IDENTIFYING black potion
  2141 | D:3      | 2141 ||| READING 2 scrolls of identify.
  2141 | D:3      | 2141 ||| IDENTIFYING glowing sapphire potion
  2180 | D:4      | Noticed Pikel
  2180 | D:4      | Noticed a lemure
  2180 | D:4      | Noticed a lemure
  2181 | D:4      | 2181 ||| RETREATING.
  2182 | D:4      | Noticed a lemure
  2183 | D:4      | Noticed a lemure
  2192 | D:4      | HP: 2/28 [lemure[Pikel] (8)]
  2192 | D:4      | Slain by Pikel

Levels and vault maps discovered:
D:1:      minmay_arrival_solitary_statue, layout_loops_ring, serial_shops, shop,
          minivault_27
D:2:      minmay_wonky_spiral, layout_loops_corners
D:3:      layout_rooms, hellmonk_ecumenical_altar_zigzags
D:4:      layout_cave_pools, minmay_temple_entry_statues_fountains,
          chequers_serial_rivers_large_b, guppyfry_early_orc_mine, uniq_pikel

Skill      XL: |  1  2  3 |
---------------+----------+-----
Ranged Weapons | 5 |  5.6
Fighting       | 3 |  3.0
Dodging        | |  1.5
Stealth        | |  1.1

Action                     |  1- 3 |  4- 6 || total
---------------------------+-------+-------++-------
   Fire: Shortbow          |    88 |    58 ||   146
    Use: Scroll            |     4 |     8 ||    12
         Potion            |     1 |       ||     1
 Armour: Leather armour    |    20 |    11 ||    31
         Ring mail         |       |    11 ||    11
  Dodge: Dodged            |    16 |    16 ||    32

Table legend:
 A = Non-vault XP
 B = Vault XP
 C = Vault XP percentage of total XP
 D = Non-vault monster count
 E = Vault monster count
 F = Vault count percentage of total count
                 A         B        C        D         E       F
            +---------+---------+-------+---------+---------+-------
      Total |     124 |      13 |   9.5 |      43 |       6 |  12.2
            +---------+---------+-------+---------+---------+-------
        D:1 |      29 |       0 |   0.0 |      14 |       0 |   0.0
        D:2 |      55 |      13 |  19.1 |      19 |       6 |  24.0
        D:3 |      40 |       0 |   0.0 |      10 |       0 |   0.0
            +---------+---------+-------+---------+---------+-------
